 Dungeon Crawl Stone Soup version 0.19.0-2-gae57169 (webtiles) character file.

53 lorenzova the Conjurer (level 3, -1/19 HPs)
             Began as a Deep Elf Conjurer on Nov 3, 2016.
             Succumbed to TBriggs11TB's ghost's poison
             ... on level 3 of the Dungeon.
             The game lasted 00:02:37 (1998 turns).

lorenzova the Conjurer (Deep Elf Conjurer)          Turns: 1998, Time: 00:02:37

Health: -1/19      AC:  2    Str:  5    XL:     3   Next: 64%
Magic:  0/10       EV: 13    Int: 20    God:
Gold:   114        SH:  0    Dex: 15    Spells: 1 memorised, 9 levels left

rFire  . . .     SeeInvis .     f - +0 short sword
rCold  . . .     Gourm    .     a - +0 robe
rNeg   . . .     Faith    .     (no shield)
rPois  .         Spirit   .     (no helmet)
rElec  .         Reflect  .     (no cloak)
rCorr  .         Harm     .     (no gloves)
MR     .....                    (no boots)
Stlth  ++........               (no amulet)
                                (no ring)
                                (no ring)

@: lethally poisoned (-1 -> -49)
A: no striking features
a: no special abilities


You were on level 3 of the Dungeon.
You were not hungry.

You visited 1 branch of the dungeon, and saw 3 of its levels.

You collected 114 gold pieces.

Inventory:

Hand Weapons
 f - a +0 short sword (weapon)
Armour
 a - a +0 robe (worn)
Scrolls
 d - a scroll of random uselessness {unknown}
 e - a scroll of teleportation {unknown}
 g - a scroll of remove curse {unknown}
 h - a scroll of enchant armour {unknown}
 j - a scroll of fog {unknown}
 m - a scroll of fear {unknown}
Potions
 i - a potion of mutation {unknown}
 k - a potion of curing
 n - a potion of degeneration {unknown}
Books
 b - a book of Conjurations

   Spells                             Type                      Level
   a - Magic Dart                     Conjuration                  1
   b - Searing Ray                    Conjuration                  2
   c - Dazzling Spray                 Conjuration/Hexes            3
   d - Fulminant Prism                Conjuration/Hexes            4
   e - Iskenderun's Mystic Blast      Conjuration                  4
   f - Iskenderun's Battlesphere      Conjuration/Charms           5
Comestibles
 c - 2 bread rations
 l - a meat ration
 o - 2 chunks of flesh


   Skills:
 - Level 2.4 Dodging
 - Level 2.4 Stealth
 + Level 4.4 Spellcasting
 + Level 5.2 Conjurations


You had 9 spell levels left.
You knew the following spells:

 Your Spells              Type           Power        Failure   Level  Hunger
a - Magic Dart            Conj           ####         1%          1    None


Dungeon Overview and Level Annotations

Branches:
Dungeon (3/15)

Altars:
Xom

Annotations:
D:2 1 runed door
D:3 TBriggs11TB's ghost, amateur SpAs


Message History

Press: ? - help, Shift-Dir - straight line, f/p - TBriggs11TB's ghost
Aim: TBriggs11TB's ghost, wielding a weapon of venom (severely damaged)
The magic dart hits TBriggs11TB's ghost.
TBriggs11TB's ghost is almost destroyed.
You feel sick. TBriggs11TB's ghost hits you.
You are more poisoned.
Casting: Magic Dart
Confirm with . or Enter, or press ? or * to list all spells.
Aiming: Magic Dart
Press: ? - help, Shift-Dir - straight line, f/p - TBriggs11TB's ghost
Aim: TBriggs11TB's ghost, wielding a weapon of venom (almost destroyed)
The magic dart hits TBriggs11TB's ghost.
TBriggs11TB's ghost is almost destroyed.
* * * LOW HITPOINT WARNING * * *
You feel sick. TBriggs11TB's ghost hits you.
* * * LOW HITPOINT WARNING * * *
You are more poisoned.
You miss TBriggs11TB's ghost.
TBriggs11TB's ghost is almost destroyed.
You die...

#####
.....####
........#
#......<#
#.#..##@# #
#W# ...
.....
......#
........
..........
.......#.#..


You could see TBriggs11TB's ghost.

Vanquished Creatures
  2 dart slugs
  6 giant cockroaches
  5 goblins
  4 hobgoblins
  4 jackals (D:1)
  6 kobolds
  A quokka (D:2)
  6 bats
  4 frilled lizards
  7 rats
45 creatures vanquished.

Notes
Turn   | Place    | Note
-------+----------+-------------------------------------------
     0 | D:1      | lorenzova the Deep Elf Conjurer began the quest for the Orb.
     0 | D:1      | Reached XP level 1. HP: 10/10 MP: 6/6
   183 | D:1      | Reached XP level 2. HP: 15/15 MP: 2/8
   985 | D:1      | Reached XP level 3. HP: 19/19 MP: 8/10
  1375 | D:2      | Found a shimmering altar of Xom.
  1398 | D:2      | Reached skill level 5 in Conjurations
  1644 | D:2      | Found a runed door.
  1988 | D:3      | Noticed TBriggs11TB's ghost (amateur SpAs)
  1998 | D:3      | Succumbed to TBriggs11TB's ghost's poison

Skill      XL: |  1  2  3 |
---------------+----------+-----
Spellcasting   | 4 |  4.4
Conjurations   | 5 |  5.2
Dodging        | |  2.4
Stealth        | |  2.4

Action                   || total
-------------------------++-------
Melee: Short sword       ||    15
 Cast: Magic Dart        ||    85
  Eat: Chunk             ||     3
Armor: Robe              ||     4
Dodge: Dodged            ||    12
